 Dungeon Crawl Stone Soup version 0.21-a0-95-g06f091e (webtiles) character file.

100805 4thArraOfDagon the Impaler (level 16, -40/165 HPs)
             Began as a Merfolk Warper on July 4, 2017.
             Was the Champion of Wu Jian.
             Killed from afar by a deep elf annihilator (71 damage)
             ... with a crystal spear
             ... on level 3 of the Elven Halls.
             The game lasted 01:46:16 (21085 turns).

4thArraOfDagon the Impaler (Merfolk Warper)        Turns: 21085, Time: 01:46:16

Health: -40/165    AC: 35    Str: 16    XL:     16   Next: 28%
Magic:  26/32      EV: 24    Int: 19    God:    Wu Jian [******]
Gold:   778        SH:  0    Dex: 19    Spells: 6/29 levels left

rFire    . . .     SeeInvis .   z - +7 bardiche (protect)
rCold    + + +     Gourm    .   (shield currently unavailable)
rNeg     + . .     Faith    .   (armour currently unavailable)
rPois    ∞         Spirit   .   (no helmet)
rElec    +         Reflect  .   U - +0 cloak
rCorr    .         Harm     .   (gloves currently unavailable)
MR       +++++     Clarity  +   (boots currently unavailable) Stlth +.........NoTele +
                                n - necklace of Bloodlust {*Rage +Rage MR++ Int-3 Slay+6 *Curse}
HPRegen  1.37/turn              u - ring of wizardry
MPRegen  0.23/turn              q - ring "Woneysob" {-Tele rC+++ MP+9 AC+1 Dex+5}

@: mighty, brilliant, statue-form, protection aura, regenerating, hasted
(expiring), glowing, heavenly storm
A: (change form in water), (swift swim), (stealthy swim), clarity, low mp 1,
magic resistance 3, weak 1
a: End Transformation, Serpent's Lash, Heavenly Storm, Renounce Religion, Evoke
Berserk Rage


You were on level 3 of the Elven Halls.
You worshipped Wu Jian.
Wu Jian was exalted by your worship.
You were not hungry.
You were a stone statue.
You visited 5 branches of the dungeon, and saw 27 of its levels.
You also visited: Labyrinth.

You collected 2285 gold pieces.
You spent 1507 gold pieces at shops.

Inventory:

Hand Weapons
 a - the +10 zealot's sword {holy, *Rage rN+ EV+3}
   (You found it on level 2 of the Lair of Beasts)

   It has been blessed by the Shining One to cause great damage to the undead
   and demons.
   It affects your evasion (+3).
   It protects you from negative energy.
   It may make you go berserk in combat.
 k - a +8 blowgun
 z - a +7 bardiche of protection (weapon)
Missiles
 e - 5 tomahawks of dispersal
 g - 11 curare-tipped needles
 t - 6 javelins (quivered)
 R - a throwing net
Armour
 x - a +3 troll leather armour (melded)
 D - a +2 pair of gloves (melded)
 U - a +0 cloak (worn)
 W - a +2 pair of boots of stealth (melded)
Magical Staves
 E - an uncursed staff of power {!a}
Jewellery
 m - an uncursed ring of ice
 n - the necklace of Bloodlust (around neck) {*Rage +Rage MR++ Int-3 Slay+6 *Curse}
   (You bought it in a shop on level 2 of the Orcish Mines)

   [amulet of rage]

   It affects your intelligence (-3).
   It affects your accuracy and damage with ranged weapons and melee attacks
   (+6).
   It affects your resistance to hostile enchantments.
   It lets you go berserk.
   It may make you go berserk in combat.
   It curses itself when equipped.
 q - the ring "Woneysob" (right hand) {-Tele rC+++ MP+9 AC+1 Dex+5}
   (You found it in a labyrinth)

   [ring of protection]

   It affects your AC (+1).
   It affects your dexterity (+5).
   It renders you almost immune to cold.
   It affects your magic capacity (+9).
   It prevents most forms of teleportation.
 u - a ring of wizardry (left hand)
 y - an uncursed ring of positive energy
Wands
 l - a wand of disintegration (10/24)
 s - a wand of disintegration (5/24)
 w - a wand of digging (6/24)
 C - a wand of paralysis (9/24)
 J - a wand of iceblast (5/15)
 K - a wand of iceblast (4/15)
 Z - a wand of flame (22/48)
Scrolls
 b - 5 scrolls of identify
 c - a scroll of amnesia
 o - 4 scrolls of remove curse
 p - 2 scrolls of immolation
 v - a scroll of blinking
 L - 2 scrolls of noise
 S - a scroll of magic mapping
 T - a scroll of recharging
 Y - 6 scrolls of teleportation
Potions
 d - 2 potions of ambrosia
 h - 4 potions of might
 i - 5 potions of mutation
 r - a potion of lignification
 A - a potion of brilliance
 F - 4 potions of heal wounds
 G - 3 potions of curing
 I - 6 potions of flight
 M - a potion of agility
 P - 3 potions of magic
 V - 2 potions of haste
 X - a potion of invisibility
Books
 O - a book of the Earth

   Spells                             Type                      Level
   a - Leda's Liquefaction            Hexes/Earth                  4
   b - Bolt of Magma                  Conjuration/Fire/Earth       5
   c - Statue Form                    Transmutation/Earth          6
   d - Iron Shot                      Conjuration/Earth            6
   e - Shatter                        Earth                        9
Miscellaneous
 N - a fan of gales
Comestibles
 f - 16 bread rations
 j - 23 meat rations


   Skills:
 - Level 12.0 Fighting
 - Level 20.0 Polearms
 - Level 1.0 Throwing
 - Level 0.6 Armour
 - Level 14.0 Dodging
 - Level 7.0 Spellcasting
 * Level 7.5 Charms
 * Level 5.7 Necromancy
 - Level 2.4 Translocations
 - Level 13.0 Transmutations
 - Level 8.7 Earth Magic
 - Level 4.2 Evocations


You had 6 spell levels left.
You knew the following spells:

 Your Spells              Type           Power        Failure   Level  Hunger
a - Apportation           Tloc           ####..       1%          1    None
b - Blink                 Tloc           N/A          1%          2    None
c - Passage of Golubria   Tloc           N/A          4%          4    ###....
d - Statue Form           Tmut/Erth      ######...    2%          6    ######.
e - Passwall              Tmut/Erth      ######....   1%          2    None
f - Lee's Rapid Deconstr  Erth           ######....   1%          5    #####..
g - Regeneration          Chrm/Necr      #####.....   1%          3    #......


Dungeon Overview and Level Annotations

Branches:
Dungeon (15/15)            Temple (1/1) D:4            Lair (6/6) D:11
 Shoals (0/4) Lair:4       Spider (0/4) Lair:2        Slime (0/5) Lair:6
    Orc (2/2) D:12            Elf (3/3) Orc:2
 Vaults: D:13-14     Depths: D:15

Altars:
Ashenzari
Dithmenos
Elyvilon
Fedhas
Gozag
Kikubaaqudgha
Makhleb
Nemelex Xobeh
Okawaru
Ru
Trog
Uskayaw
Vehumet
Wu Jian
Xom
Yredelemnul
Zin
The Shining One
Beogh
Jiyva

Shops:
Orc:2 (=*%}   Elf:2 }

Annotations:
D:7 exclusion: statue


Innate Abilities, Weirdness & Mutations

((You revert to your normal form in water.))
((You are very nimble and swift while swimming.))
((You are very stealthy in the water. (Stealth+)))
((You are partially covered in thin metallic scales. (AC +2)))
You possess an exceptional clarity of mind.
Your magical capacity is low. (-10% MP)
You are extremely resistant to the effects of hostile enchantments. (MR+++)
You are weak. (Str -2)


Message History

Unknown command.
Unknown command.
You spin and attack the ghostly deep elf death mage.
You chop the ghostly deep elf death mage into pieces!!!
You destroy the ghostly deep elf death mage!
The Council accepts your kill.
You spin and attack the ghostly deep elf death mage.
You cut the ghostly deep elf death mage into ribbons!!!!
You destroy the ghostly deep elf death mage!
The Council accepts your kill.
Your extra speed is starting to run out.
Unknown command.
Unknown command.
Unknown command.
Unknown command.
You spin and attack the deep elf annihilator.
You closely miss the deep elf annihilator.
The deep elf annihilator points at you and mumbles some strange words.
The crystal spear hits you!
You die...

## *,,,,,,,,,*#..#*,,,,,,,,,*
#.#
*,,,,,,,,,*#..#*,,,,,,,,,*
#.#
*,,,,,,,,,*#..#*,,,,,,,,,*
#.#
*,,,,,,,,,*#..#*,,,,,,,,,*
#.#
***********#≈e#***********
#§## #≈≈# #§### ### ####≈≈#
#§§§###§###§§#§e############
#§§§§§§§§§§8ee§..........(..
#§##§§§§§§§§§e§§.............
#§#
#§§##§############+#..####
#.#
#§§#§§§.,,.........#..#...
#.#
#..#.......R.......#..#...
#.#
#..#..#####*****#..#..'... ##
#..#..',,,,,,,,,#..#..#...
#..#..#,,,,,,,,,#..'..#...
#..#..#,,,,,,,,,#..#..#...


You could see a deep elf annihilator, a deep elf death mage and a deep elf
demonologist.

Vanquished Creatures
  Mara (Elf:3)
  2 deep elf blademasters (Elf:3)
  2 deep elf elementalists (Elf:3)
  3 deep elf demonologists (Elf:3)
  A deep elf annihilator (Elf:3)
  4 deep elf death magi
  3 hydras (Lair:6)
  Harold (D:10)
  Erica (Orc:1)
  3 catoblepae (Lair:6)
  4 two-headed ogres
  3 death yaks
  2 centaur warriors (D:13)
  4 dancing weapons
  7 orc high priests
  Urug (D:10)
  Sonja (Orc:2)
  Nergalle (D:11)
  5 deep elf knights
  5 skeletal warriors (D:11)
  6 deep elf archers
  An unseen horror (D:13)
  A lindwurm (Lair:6)
  3 necromancers (Elf:1)
  3 orc sorcerers
  2 cyclopes (D:13)
  An oklob plant (Lair:4)
  15 deep elf magi
  4 large abominations (Elf:1)
  3 manticores
  2 ugly things
  4 centaur zombies
  2 black mambas
  5 elephants (Lair:6)
  2 torpor snails
  9 spiny frogs
  3 rime drakes
  A kobold demonologist (D:11)
  10 komodo dragons
  9 polar bears (Lair:6)
  2 trolls
  Grinder (D:4)
  16 blink frogs
  A raiju (Lair:6)
  3 slime creatures (D:12)
  4 dream sheep (Lair:6)
  13 hippogriffs
  A spriggan (D:8)
  Grum (D:10)
  An air elemental (Elf:2)
  A fire elemental (Elf:2)
  A water elemental (Elf:2)
  3 basilisks
  18 yaks
  2 wraiths
  2 vampire mosquitoes
  Menkaure (D:5)
  10 wargs
  16 hell hounds (Lair:6)
  10 water moccasins
  9 porcupines
  A swamp drake (D:12)
  2 ice beasts
  12 black bears
  12 orc warriors
  A phantom (D:12)
  2 sky beasts
  3 necrophages
  8 ogres
  An eye of draining (D:10)
  22 wolves
  10 centaurs
  3 big kobolds
  8 crocodiles
  Blork the orc (D:5)
  3 elf zombies
  16 bullfrogs
  2 earth elementals
  2 troll zombies (D:11)
  3 scorpions
  17 killer bees
  3 wights (D:10)
  5 howler monkeys
  A vampire bat (D:8)
  7 electric eels
  3 crimson imps
  A bullfrog zombie (D:7)
  5 hounds
  2 human zombies (D:11)
  A gnoll shaman (D:8)
  34 orc priests
  5 centaur skeletons
  A bullfrog skeleton (D:13)
  4 jellies
  11 orc wizards
  2 human skeletons (D:11)
  6 iguanas
  3 worker ants
  An ogre skeleton (D:11)
  2 hound skeletons
  A mummy (D:11)
  9 adders
  10 gnolls
  4 shadow imps
  An ooze (D:1)
  2 adder zombies
  A worm (D:3)
  2 dart slugs
  2 leopard geckos
  62 orcs
  14 bats
  7 giant cockroaches
  3 goblins
  8 hobgoblins
  8 jackals
  18 kobolds
  3 quokkas
  A ball python (D:3)
  3 frilled lizards
  A quokka skeleton (D:6)
  5 rats
  2 plants
649 creatures vanquished.

Vanquished Creatures (collateral kills)
  A water moccasin (D:10)
  A centaur (D:12)
  An orc (D:9)
  A quokka (D:10)
4 creatures vanquished.

Vanquished Creatures (others)
  A troll (D:12)
  A centaur (D:10)
  4 wolves (D:10)
  A quasit (D:10)
  An orc wizard (Orc:2)
  An orc (Orc:2)
  5 fungi
  15 plants
29 creatures vanquished.

Grand Total: 682 creatures vanquished

Notes
Turn   | Place    | Note
-------+----------+-------------------------------------------
     0 | D:1      | 4thArraOfDagon the Merfolk Warper began the quest for the Orb.
     0 | D:1      | Reached XP level 1. HP: 16/16 MP: 3/3
   102 | D:1      | Reached XP level 2. HP: 22/22 MP: 5/5
   318 | D:3      | Found a white marble altar of Elyvilon.
   372 | D:3      | Reached skill level 4 in Polearms
   398 | D:3      | Reached XP level 3. HP: 20/28 MP: 6/6
   776 | D:4      | Found a staircase to the Ecumenical Temple.
   807 | Temple   | Entered the Ecumenical Temple
   846 | Temple   | Became a worshipper of the Wu Jian Council
   851 | Temple   | hmmm
   964 | D:4      | Reached skill level 5 in Polearms
   964 | D:4      | Reached XP level 4. HP: 20/35 MP: 7/7
  1158 | D:3      | Reached XP level 5. HP: 25/41 MP: 8/8
  1365 | D:2      | Found a sparkling altar of Nemelex Xobeh.
  1956 | D:1      | Reached * piety under Wu Jian
  2824 | D:4      | Found an ancient bone altar of Kikubaaqudgha.
  2824 | D:4      | Noticed Grinder
  2842 | D:4      | Reached skill level 6 in Polearms
  2848 | D:4      | Killed Grinder
  2848 | D:4      | Reached skill level 7 in Polearms
  2848 | D:4      | Reached skill level 5 in Dodging
  2848 | D:4      | Reached XP level 6. HP: 49/49 MP: 9/9
  2943 | D:5      | Entered Level 5 of the Dungeon
  2958 | D:5      | Found a burning altar of Makhleb.
  3011 | D:4      | Found an iron altar of Okawaru.
  3019 | D:5      | Reached XP level 7. HP: 48/55 MP: 10/10
  3149 | D:5      | Noticed Menkaure
  3152 | D:5      | Killed Menkaure
  3152 | D:5      | Reached skill level 8 in Polearms
  3152 | D:5      | Reached skill level 1 in Evocations
  3245 | D:5      | Found a shattered altar of Ashenzari.
  3311 | D:5      | Noticed Blork the orc
  3325 | D:5      | Killed Blork the orc
  3547 | D:6      | Reached skill level 5 in Fighting
  3561 | D:6      | Reached ** piety under Wu Jian
  3602 | D:6      | Reached XP level 8. HP: 49/62 MP: 11/11
  3668 | D:7      | Noticed a hippogriff
  3687 | D:7      | Killed a hippogriff
  3687 | D:7      | Reached skill level 9 in Polearms
  4558 | D:6      | Found a blossoming altar of Fedhas.
  4789 | D:7      | Reached skill level 10 in Polearms
  4899 | D:7      | Reached XP level 9. HP: 69/69 MP: 12/12
  4918 | D:7      | Found a radiant altar of Vehumet.
  5134 | D:8      | Reached skill level 11 in Polearms
  5458 | D:8      | Reached *** piety under Wu Jian
  5831 | D:9      | Learned a level 1 spell: Apportation
  5836 | D:8      | Learned a level 2 spell: Blink
  5841 | D:8      | Learned a level 4 spell: Passage of Golubria
  6100 | D:9      | Gained mutation: You evolve. [mutagenic meat]
  6101 | D:9      | Gained mutation: You are clumsy. (Dex -2) [mutagenic meat]
  6102 | D:9      | Gained mutation: You are resistant to hostile enchantments. (MR+) [mutagenic meat]
  6103 | D:9      | Gained mutation: You are weak. (Str -2) [mutagenic meat]
  6104 | D:9      | Gained mutation: Your magical capacity is low. (-10% MP) [mutagenic meat]
  6123 | D:9      | Noticed a two-headed ogre
  6199 | D:10     | Entered Level 10 of the Dungeon
  6318 | D:10     | Noticed Grum
  6324 | D:10     | Noticed a two-headed ogre
  6347 | D:10     | Killed a two-headed ogre
  6347 | D:10     | Reached skill level 12 in Polearms
  6379 | D:10     | Killed Grum
  6674 | D:10     | You fall through a shaft for 3 floors!
  6675 | D:13     | :(
  6679 | D:13     | Gained mutation: You possess an exceptional clarity of mind. [mutagenic meat]
  6680 | D:13     | Gained mutation: You are highly resistant to hostile enchantments. (MR++) [mutagenic meat]
  6681 | D:13     | Lost mutation: You are clumsy. (Dex -2) [mutagenic meat]
  6682 | D:13     | Gained mutation: Your magical capacity is very low. (-20% MP) [mutagenic meat]
  6697 | D:13     | Noticed a centaur warrior
  6708 | D:13     | Killed a centaur warrior
  6708 | D:13     | Reached skill level 13 in Polearms
  6708 | D:13     | Reached XP level 10. HP: 49/80 MP: 10/10
  6917 | D:13     | Noticed a cyclops
  6925 | D:13     | Killed a cyclops
  7250 | D:12     | Noticed a six-headed hydra
  7264 | D:12     | Found a labyrinth entrance.
  7273 | Lab      | Entered a labyrinth
  7437 | Lab      | :(
  7740 | Lab      | Gained mutation: Armour fits poorly on your strangely shaped body. [evolution]
  7753 | Lab      | Lost mutation: Your magical capacity is very low. (-20% MP) [potion of mutation]
  7753 | Lab      | Lost mutation: You evolve. [potion of mutation]
  7753 | Lab      | Lost mutation: Armour fits poorly on your strangely shaped body. [potion of mutation]
  7753 | Lab      | Gained mutation: You are extremely resistant to the effects of hostile enchantments. (MR+++) [potion of mutation]
  8214 | Lab      | maxonian: Hello. were there some changes to anti-scumming code recently? I just met retreated upstairs from D:3 to D:2 with my OgTm and was greeted by 2 yaktaurs
  8242 | Lab      | maxonian: i'm at 4.3k turns atm
  8242 | Lab      | maxonian: no scumming involved
  8242 | Lab      | 4thArraOfDagon: 4.3k is close to eternity man
  8242 | Lab      | 4thArraOfDagon: you havee to be fasteer
  8242 | Lab      | 4thArraOfDagon: if not, out-of-depth monsters start to spawn
  8667 | Lab      | maxonian: i mostly o-tabbed so far but had to retreat often. i also fought bush for what seemed like eternity
  8698 | Lab      | maxonian: it blocked path to crazy yiuf
  8754 | Lab      | maxonian: that's probably what caused OOD spawn
  8758 | Lab      | maxonian: thanks
  8915 | Lab      | Noticed a minotaur
  8955 | Lab      | Got a scintillating lapis lazuli ring
  8990 | D:10     | Reached skill level 14 in Polearms
  9120 | D:10     | Noticed Harold
  9140 | D:10     | Killed Harold
  9140 | D:10     | Reached skill level 10 in Dodging
  9188 | D:10     | Identified the ring "Woneysob" {-Tele rC+++ MP+9 AC+1 Dex+5} (You found it in a labyrinth)
  9342 | D:8      | Found a bloodstained altar of Trog.
  9516 | D:9      | Killed a two-headed ogre
  9516 | D:9      | Reached skill level 15 in Polearms
  9584 | D:9      | Reached XP level 11. HP: 16/89 MP: 12/12
 10057 | D:9      | You fall through a shaft!
 10221 | D:10     | Noticed Urug
 10260 | D:10     | Killed Urug
 10916 | D:10     | Noticed a two-headed ogre
 10945 | D:10     | Killed a two-headed ogre
 10945 | D:10     | Reached skill level 16 in Polearms
 11116 | D:11     | Reached **** piety under Wu Jian
 11664 | D:11     | Noticed a skeletal warrior
 11756 | D:13     | Noticed a manticore
 11787 | D:13     | Killed a manticore
 11814 | D:13     | Noticed a cyclops
 11822 | D:13     | Killed a cyclops
 11822 | D:13     | Reached skill level 10 in Fighting
 11854 | D:13     | Killed an unseen horror
 12170 | D:13     | Reached skill level 17 in Polearms
 12241 | D:15     | Entered Level 15 of the Dungeon
 12360 | D:14     | Noticed a wizard
 12401 | D:14     | Noticed a cyclops
 12402 | D:14     | Noticed an eight-headed hydra
 12415 | D:13     | Noticed a centaur warrior
 12431 | D:13     | Killed a centaur warrior
 12564 | D:13     | Noticed a catoblepas
 12623 | D:12     | Reached XP level 12. HP: 98/98 MP: 13/13
 12864 | D:12     | Gained mutation: You are partially covered in thin metallic scales. (AC +2) [mutagenic meat]
 12896 | D:12     | Found a staircase to the Orcish Mines.
 13013 | Orc:1    | Entered Level 1 of the Orcish Mines
 13252 | Orc:2    | Entered Level 2 of the Orcish Mines
 13270 | Orc:2    | Goblin1989: =totaldur.lg 4thArraOfDagon
 13271 | Orc:2    | beem: 13288 games for 4thArraOfDagon: 197d+1:28:49
 13337 | Orc:2    | Reached ***** piety under Wu Jian
 13355 | Orc:2    | Noticed a two-headed ogre
 13357 | Orc:2    | Reached skill level 18 in Polearms
 13389 | Orc:2    | Killed a two-headed ogre
 13428 | Orc:2    | Noticed an orc high priest
 13434 | Orc:2    | Noticed an orc high priest
 13437 | Orc:2    | Noticed an orc high priest
 13446 | Orc:2    | Noticed Sonja
 13460 | Orc:1    | Noticed Erica
 13470 | Orc:1    | Killed Erica
 13790 | Orc:2    | Noticed an orc high priest
 13794 | Orc:2    | Noticed a soul eater
 13804 | Orc:1    | Noticed a soul eater
 13807 | Orc:1    | Killed an orc high priest
 13927 | Orc:2    | Noticed a sun demon
 13992 | Orc:1    | Noticed a sun demon
 14025 | Orc:2    | Noticed a sun demon
 14025 | Orc:2    | Noticed a sun demon
 14036 | Orc:1    | Killed an orc high priest
 14140 | Orc:2    | Noticed a sun demon
 14155 | Orc:1    | Killed an orc high priest
 14265 | Orc:1    | Killed an orc high priest
 14265 | Orc:1    | Reached skill level 19 in Polearms
 14330 | Orc:2    | Found a staircase to the Elven Halls.
 14364 | Orc:2    | Found Bonwamos's General Store.
 14370 | Orc:2    | Bought an uncursed amulet of regeneration for 480 gold pieces
 14513 | Orc:2    | Killed Sonja
 14566 | Orc:2    | Noticed an orc high priest
 14567 | Orc:2    | Found Ofiar's Food Emporium.
 14567 | Orc:2    | Found Qusic's Gadget Shop.
 14575 | Orc:2    | Killed an orc high priest
 14575 | Orc:2    | Reached XP level 13. HP: 98/106 MP: 14/14
 14760 | Orc:2    | Found a roughly hewn altar of Beogh.
 14773 | Orc:2    | Found Josyacwu's Weapon Emporium.
 14773 | Orc:2    | Found Siesoukogo's Jewellery Shop.
 14778 | Orc:2    | 4thArraOfDagon: :(
 14787 | Orc:2    | Bought the cursed necklace of Bloodlust {*Rage +Rage MR++ Int-3 Slay+6 *Curse} for 899 gold pieces
 14951 | D:11     | Found a staircase to the Lair.
 15038 | D:11     | Learned a level 6 spell: Statue Form
 15126 | D:12     | Noticed Nergalle
 15141 | D:11     | Killed Nergalle
 15333 | D:13     | Reached skill level 20 in Polearms
 15393 | D:11     | Learned a level 2 spell: Passwall
 15486 | D:11     | Reached ****** piety under Wu Jian
 15527 | D:11     | Reached skill level 1 in Transmutations
 15538 | D:11     | Found a basalt altar of Yredelemnul.
 15635 | Lair:1   | Entered Level 1 of the Lair of Beasts
 15641 | Lair:1   | Reached skill level 1 in Earth Magic
 15897 | Lair:2   | Found a hole to the Spider Nest.
 15926 | Lair:2   | 4thArraOfDagon: ??zealot's sword
 15926 | Lair:2   | beem: sword of righteousness[1/2]: +10 eudemon blade of holy wrath, berserkitis, rN+, EV+3, and stealth-. The berserkitis triggers on 3% of attacks. Going berserk (by any means) while wielding this sword will cause all natural-holiness allies in LOS to go berserk as well.
 16136 | Lair:2   | Reached skill level 5 in Transmutations
 16398 | Lair:4   | Found a staircase to the Shoals.
 16642 | Lair:5   | Identified a scroll of acquirement
 16671 | Lair:5   | Reached XP level 14. HP: 101/115 MP: 18/18
 16897 | Lair:6   | Entered Level 6 of the Lair of Beasts
 17011 | Lair:6   | Reached skill level 5 in Earth Magic
 17367 | Lair:6   | Found a staircase to the Slime Pits.
 17367 | Lair:6   | Found a viscous altar of Jiyva.
 17588 | Lair:4   | Learned a level 5 spell: Lee's Rapid Deconstruction
 17597 | Lair:4   | Found a sacrificial altar of Ru.
 17607 | Lair:3   | Found a shadowy altar of Dithmenos.
 17883 | Lair:4   | Got a wizard robe
 18034 | Lair:5   | Reached skill level 5 in Spellcasting
 18365 | Lair:6   | Reached skill level 10 in Transmutations
 18870 | Lair:6   | Reached XP level 15. HP: 113/120 MP: 21/21
 19028 | Lair:6   | Identified the cursed +0 robe of the Invisible Hand {+Fly rElec SInv Stlth-} (You found it on level 4 of the Lair of Beasts)
 19616 | Elf:1    | Entered Level 1 of the Elven Halls
 19799 | Elf:1    | Identified the Incunabulum of Dark Rites
 19804 | Elf:1    | Learned a level 3 spell: Regeneration
 20143 | Elf:3    | Entered Level 3 of the Elven Halls
 20143 | Elf:3    | Noticed a deep elf elementalist
 20148 | Elf:3    | Killed a deep elf elementalist
 20198 | Elf:2    | Found Vahay's Quality Used Wands.
 20221 | Elf:2    | Bought a wand of digging (0/24) for 128 gold pieces
 20475 | Elf:3    | Reached skill level 1 in Charms
 20643 | Elf:3    | Noticed Mara
 20676 | Elf:3    | Reached skill level 1 in Necromancy
 21067 | Elf:3    | Noticed a deep elf elementalist
 21068 | Elf:3    | Noticed a deep elf blademaster
 21069 | Elf:3    | Killed Mara
 21069 | Elf:3    | Reached skill level 5 in Charms
 21069 | Elf:3    | Reached XP level 16. HP: 123/127 MP: 23/23
 21071 | Elf:3    | Noticed a deep elf blademaster
 21076 | Elf:3    | Killed a deep elf blademaster
 21076 | Elf:3    | Reached skill level 5 in Necromancy
 21076 | Elf:3    | Killed a deep elf blademaster
 21078 | Elf:3    | Noticed an Ice Fiend
 21085 | Elf:3    | Killed from afar by a deep elf annihilator

Vault maps used:
D:1:      minmay_arrival_jagged, serial_glass, glass_columns_a, glass_columns_a,
          feat_on_display, feat_on_display
D:2:      nemelex_xobeh_ov_fountains_minmay, serial_park_tiny_1
D:3:      minitemple, lemuel_crystal_altar, dk_vineyard_1
D:4:      okawaru_trees_2, kiku_gazebo_pond_becter,
          minmay_temple_entry_overgrown, first_bread, uniq_grinder
D:5:      makhleb_heckhound_becter, overflow_temple_1_default, uniq_menkaure,
          uniq_blork_the_orc
D:6:      fedhas_altar_fruit_tree, led_sif_book,
          yredelemnul_forgotten_temple_becter, uniq_pikel
D:7:      vehumet_statue
D:8:      basic_altar, the_bakery, kennysheep_decorative_pillar, roderic_batcave
D:9:      minivault_1
D:10:     uniq_urug, uniq_grum, uniq_harold
D:11:     lair_entry_dummy, lemuel_mausoleum_altar_yredelemnul
D:12:     erik_orc_1, lab_entry_generic, portal_ice_cave_entry_pillars_1,
          uniq_nergalle
D:14:     lightli_vaults_fourway_checkpoint, minmay_misc_feat_tower, uniq_louise
D:15:     grunt_enter_depths_hoard, minmay_misc_feat_hallway,
          nicolae_underground_beach
Temple:   compressed_dpeg_triangle_lava_temple
Lair:1:   serial_bayou_lake_a
Lair:2:   spider_nest_entry_a, minivault_26, wad_woods_river_01
Lair:3:   beast_lair_carwin_large_1, basic_altar, nicolae_quartered_pool_little
Lair:4:   minmay_shoals_entry_centaurs, basic_altar, lemuel_fruit_fields
Lair:5:   grunt_megastairs_2
Lair:6:   hangedman_lair_caniforms_friends, hangedman_lair_in_review,
          slime_altar_1, lemuel_fruit_fields, lemuel_fruit_tree
Orc:1:    uniq_erica
Orc:2:    st_orc_town, serial_shops, shop, uniq_sonja
Elf:1:    eino_elf_arrival_sip, minmay_elf_necromancy, uniq_donald
Elf:2:    nicolae_for_you_no_charge
Elf:3:    elf_hall_gauntlet_wide, uniq_mara, uniq_bai_suzhen
Lab:      nicolae_lab_stuck, nicolae_lab_statue, labyrinth_skeletal_remains

Skill      XL: |  1  2  3  4  5  6  7  8  9 10 11 12 13 14 15 16 |
---------------+-------------------------------------------------+-----
Dodging        | 3 4 5 7 9 10 12 13 14 | 14.0
Polearms       | 4 5 7 8 10 13 15 17 19 20 | 20.0
Fighting       | 3 4 5 6 7 9 10 11 12 | 12.0
Evocations     | 2 4 |  4.2
Transmutations | 6 11 13 | 13.0
Earth Magic    | 4 7 8 |  8.7
Spellcasting   | 4 6 7 |  7.0
Charms         | 5 7 |  7.5
Necromancy     | 4 5 |  5.7
Throwing       | |  1.0
Armour         | |  0.6
Translocations | |  2.4

Action                   |  1- 3 |  4- 6 |  7- 9 | 10-12 | 13-15 | 16-18 || total
-------------------------+-------+-------+-------+-------+-------+-------++-------
Melee: Spear             |   119 |   216 |   172 |       |       |       ||   507
       Tailslap          |     2 |     3 |       |     6 |     9 |       ||    20
       Halberd           |       |       |   230 |  1004 |   546 |       ||  1780
       Bardiche          |       |       |       |       |   681 |    20 ||   701
Throw: Throwing net      |       |       |       |     4 |       |       ||     4
       Javelin           |       |       |       |     1 |       |       ||     1
 Cast: Statue Form       |       |       |       |       |    14 |       ||    14
       Regeneration      |       |       |       |       |     5 |     1 ||     6
Invok: Heavenly Storm    |       |       |       |       |     1 |       ||     1
 Abil: End Transformatio |       |       |       |       |     6 |       ||     6
Evoke: Wand              |       |       |    30 |     9 |    12 |       ||    51
  Use: Scroll            |     1 |     6 |     8 |    20 |    16 |       ||    51
       Potion            |       |     2 |     1 |    14 |     3 |       ||    20
 Stab: Invisible         |       |     1 |       |       |       |       ||     1
       Sleeping          |       |       |     1 |     1 |    15 |       ||    17
       Held in net/web   |       |       |       |     2 |       |       ||     2
       Distracted        |       |       |       |       |     6 |       ||     6
  Eat: Chunk             |       |     6 |    16 |     9 |     3 |       ||    34
       Royal jelly       |       |       |     3 |     1 |     8 |       ||    12
       Fruit             |       |       |     7 |    20 |    12 |       ||    39
Armor: Leather armour    |     6 |       |       |       |       |       ||     6
       Scale mail        |    30 |    45 |   159 |   108 |       |       ||   342
       Skin              |       |       |       |    35 |    83 |    10 ||   128
       Troll leather arm |       |       |       |    92 |   280 |       ||   372
Dodge: Dodged            |    37 |    85 |   211 |   571 |  1047 |     9 ||  1960
